 Dungeon Crawl Stone Soup version 0.17.1-3-g152610e (webtiles) character file.

31448 Mechanique the Peltast (level 13, -4/118 HPs)
             Began as a Minotaur Berserker on Feb 22, 2016.
             Was a Priest of Trog.
             Slain by a spatial maelstrom (5 damage)
             ... on level 1 of the Abyss on Feb 26, 2016.
             The game lasted 01:24:40 (10288 turns).

Mechanique the Peltast (Minotaur Berserker)        Turns: 10288, Time: 01:24:40

Health: -4/118     AC: 21    Str: 26    XL:     13   Next: 26%
Magic:  10/10      EV: 10    Int:  0    God:    Trog [***...]
Gold:   994        SH: 14    Dex: 11    Spells: 0 memorised, 12 levels left

rFire  . . .     SeeInvis +     w - +2 whip (freeze)
rCold  . . .     Clarity  .     d - +0 plate armour
rNeg   . . .     SustAt   .     E - +0 shield
rPois  .         Gourm    .     (helmet restricted)
rElec  .         Spirit   .     O - +1 cloak
rCorr  .         Warding  .     m - +0 pair of gloves
rMut   .         Stasis   .     D - +2 pair of boots {Stlth+}
MR     .....                    a - amulet of regeneration
Stlth  ..........               (no ring)
                                h - ring of see invisible

@: slowed, lost intelligence, very slow, not resistant to hostile enchantments,
extremely unstealthy
A: retaliatory headbutt, horns 2, blurry vision 2, dopey 2, low mp 1, subdued
magic 1
a: Berserk, Trog's Hand, Burn Spellbooks, Renounce Religion


You were on level 1 of the Abyss.
You worshipped Trog.
Trog was most pleased with you.
You were very hungry.

You visited 1 branch of the dungeon, and saw 12 of its levels.
You visited the Abyss 1 time.

You collected 994 gold pieces.

Inventory:

Hand Weapons
 w - a +2 whip of freezing (weapon)
Armour
 d - a +0 plate armour (worn)
 m - a +0 pair of gloves (worn)
 D - a +2 pair of boots of stealth (worn)
 E - a +0 shield (worn)
 O - a +1 cloak (worn)
Jewellery
 a - an amulet of regeneration (around neck)
 b - an uncursed ring of positive energy
 h - a ring of see invisible (left hand)
 n - an uncursed amulet of resist mutation
 t - an uncursed amulet of resist corrosion
 u - an uncursed amulet of stasis
 x - an uncursed amulet of faith
 y - an uncursed ring of see invisible
 A - an uncursed amulet of warding
Wands
 o - a wand of fireball (12)
 C - a wand of fire (8)
 F - a wand of slowing (27)
 I - a wand of heal wounds (6)
 K - a wand of paralysis (9)
 L - a wand of cold (12)
Scrolls
 e - 7 scrolls of teleportation
 f - 10 scrolls of identify
 g - 2 scrolls of blinking
 i - 2 scrolls of recharging
 j - 5 scrolls of enchant weapon
 k - 5 scrolls of remove curse
 p - a scroll of enchant armour {unknown}
 v - 3 scrolls of fog
Potions
 l - 6 potions of heal wounds
 q - 2 potions of brilliance
 s - a potion of haste
 z - 2 potions of curing
 B - a potion of invisibility
 J - a potion of flight
Miscellaneous
 M - a stone of tremors
Comestibles
 c - 6 bread rations
 r - 5 meat rations
 H - a slice of pizza


   Skills:
 + Level 12.0 Fighting
 - Level 14.2 Maces & Flails
 + Level 10.0 Armour
 * Level 7.6 Dodging
 - Level 0.5 Stealth
 - Level 15.1 Shields


You had 12 spell levels left.
You didn't know any spells.

Dungeon Overview and Level Annotations

Branches:
Dungeon (12/15)              Lair (0/8) D:9             Orc (0/4) D:12
 Temple: D:4-7

Altars:
Ashenzari
Cheibriados
Fedhas
Gozag
Okawaru
Qazlal
Sif Muna
Yredelemnul

Shops:
D:7 (   D:10 }

Portals:
Trove: D:12 (give +5 demon trident)

Annotations:
D:12 Sonja


Innate Abilities, Weirdness & Mutations

You reflexively headbutt those who attack you in melee.
You have a pair of horns on your head.
[Scrolls take you longer to read.]
[You are very dopey. (Int -4)]
[Your magical capacity is low (-10% MP).]
[Your spells are a little easier to cast, but a little less powerful.]


Message History

Your connection to magic feels subdued.
Your vision blurs.
You can move again.
A spatial vortex comes into view.
A quasit comes into view.
The quasit gives a chilling moan.
The spatial maelstrom closely misses you.
You block the spatial maelstrom's attack.
A chorus of shrieks assaults your mind.
* * * LOW HITPOINT WARNING * * *
A spatial vortex and an ufetubus come into view.
The ufetubus shouts!
A chorus of shrieks assaults your mind.
* * * LOW HITPOINT WARNING * * *
The starcursed mass engulfs you but does no damage.
The spatial maelstrom barely misses you.
You furiously retaliate!
You headbutt the spatial maelstrom! The spatial maelstrom hits you.
* * * LOW HITPOINT WARNING * * *
Space bends around you.
You die...

#. . . #. # ##
#.#.. ##.###..#
...#. #.#....#
##..##v@5#
#..#..X#..#
#..v.#....# #.
#.#..X#....##..
# #..x#..###.#
#...#v*#.X# ..
...###.D##...#
## #.#..###..
#...#X#.#.


You could see 3 starcursed masses, a spatial maelstrom, 2 spatial vortices and
an ufetubus.

Vanquished Creatures
  A tentacled starspawn (Abyss:1)
  Maud (D:10)
  A white draconian (Abyss:1)
  5 starcursed masses (Abyss:1)
  2 hydras
  The ghost of Sargon the Grappler, a novice TrMo of Qazlal (D:10)
  Nergalle (D:10)
  A flayed ghost (Abyss:1)
  3 hill giants
  2 unseen horrors
  Pikel (D:4)
  An oklob plant (D:10)
  An ugly thing (D:11)
  A manticore (D:12)
  A kobold demonologist (D:11)
  2 centaur skeletons
  A fire drake (shapeshifter) (Abyss:1)
  The ghost of riffraff the Ruffian, an amateur TrMo (D:5)
  2 two-headed ogres
  2 trolls
  Grinder (D:3)
  A deep elf priest (D:11)
  3 slime creatures (D:11)
  A deep elf mage (D:9)
  A neqoxec (Abyss:1)
  2 hippogriffs (D:10)
  A deep elf fighter (D:9)
  A hungry ghost (D:9)
  20 yaks
  Menkaure (D:7)
  A mottled dragon (D:11)
  2 water moccasins
  A slave (D:4)
  A necrophage (D:12)
  A sky beast (D:7)
  7 orc warriors
  A swamp dragon zombie (Abyss:1)
  An eye of draining (D:12)
  A black bear (D:8)
  6 ogres
  10 centaurs
  4 ice beasts
  A small abomination (Abyss:1)
  6 big kobolds
  2 large abominations (Abyss:1)
  A wyvern zombie (D:12)
  A gnoll sergeant (D:7)
  9 giant frogs
  5 jellies
  A water moccasin zombie (D:6)
  13 killer bees
  4 scorpions
  12 wights
  3 crimson imps
  8 orc wizards
  2 giant frog zombies
  3 centaur zombies
  4 orc priests
  3 quasits
  2 giant frog skeletons
  9 worker ants
  A gnoll shaman (D:7)
  13 hounds
  5 iguanas
  Terence (D:2)
  2 killer bee zombies
  A hound zombie (D:7)
  A worker ant zombie (D:6)
  Robin (D:2)
  10 adders
  10 gnolls
  17 oozes
  An adder zombie (D:7)
  An adder skeleton (D:4)
  3 worms
  6 giant geckos
  52 orcs
  17 bats
  2 giant cockroaches
  17 goblins
  13 hobgoblins
  6 jackals
  29 kobolds
  5 quokkas
  2 ball pythons
  A giant gecko zombie (D:5)
  7 giant newts
  A jackal skeleton (D:7)
  2 quokka skeletons
  16 rats
  A fungus (D:9)
  A starspawn tentacle (Abyss:1)
433 creatures vanquished.

Vanquished Creatures (collateral kills)
  A lich (Abyss:1)
  A giant orange brain (Abyss:1)
  A hellwing (Abyss:1)
  A chaos spawn (Abyss:1)
  5 starcursed masses (Abyss:1)
9 creatures vanquished.

Vanquished Creatures (others)
  A slave (D:4)
  An orc wizard (D:4)
  2 orcs (D:4)
  5 fungi (D:10)
  9 starspawn tentacles (Abyss:1)
  78 starspawn tentacle segments (Abyss:1)
96 creatures vanquished.

Grand Total: 538 creatures vanquished

Notes
Turn   | Place    | Note
--------------------------------------------------------------
     0 | D:1      | Mechanique the Minotaur Berserker began the quest for the Orb.
     0 | D:1      | Reached XP level 1. HP: 19/19 MP: 0/0
   112 | D:1      | Reached skill level 4 in Maces & Flails
   146 | D:1      | Reached XP level 2. HP: 22/27 MP: 1/1
   571 | D:2      | Reached ** piety under Trog
   593 | D:2      | Found a shattered altar of Ashenzari.
   609 | D:2      | Noticed Robin
   624 | D:2      | Killed Robin
   624 | D:2      | Reached XP level 3. HP: 33/33 MP: 2/2
   749 | D:2      | Found an iron altar of Okawaru.
   976 | D:2      | Noticed Terence
   986 | D:2      | Killed Terence
   986 | D:2      | Reached XP level 4. HP: 41/41 MP: 3/3
  1453 | D:3      | Reached skill level 5 in Fighting
  1676 | D:3      | Noticed Grinder
  1676 | D:3      | Paralysed by Grinder for 3 turns
  1708 | D:3      | Killed Grinder
  1708 | D:3      | Reached skill level 5 in Maces & Flails
  1708 | D:3      | Reached XP level 5. HP: 19/50 MP: 4/4
  1708 | D:3      | Reached XP level 6. HP: 21/57 MP: 5/5
  2127 | D:3      | Reached *** piety under Trog
  2277 | D:3      | Reached skill level 6 in Fighting
  2330 | D:3      | Gained mutation: You are agile. (Dex +2) [potion of mutation]
  2330 | D:3      | Gained mutation: [You are dopey. (Int -2)] [potion of mutation]
  2330 | D:3      | Gained mutation: You are resistant to electric shocks. [potion of mutation]
  2392 | D:4      | Found a deep blue altar of Sif Muna.
  2429 | D:4      | Reached XP level 7. HP: 58/63 MP: 6/6
  2499 | D:4      | Reached skill level 5 in Armour
  2563 | D:4      | Found a basalt altar of Yredelemnul.
  2702 | D:4      | Noticed Pikel
  2719 | D:4      | Killed Pikel
  2719 | D:4      | Reached skill level 7 in Fighting
  2719 | D:4      | Reached XP level 8. HP: 74/74 MP: 7/7
  2848 | D:5      | Entered Level 5 of the Dungeon
  2898 | D:5      | Reached **** piety under Trog
  2898 | D:5      | Reached skill level 5 in Dodging
  3003 | D:5      | Reached skill level 8 in Fighting
  3055 | D:5      | Found a basalt altar of Yredelemnul.
  3229 | D:5      | Noticed riffraff's ghost (amateur TrMo)
  3244 | D:5      | Killed riffraff's ghost
  3409 | D:5      | Reached skill level 9 in Fighting
  3770 | D:6      | Reached XP level 9. HP: 84/84 MP: 8/8
  4170 | D:7      | Reached skill level 10 in Fighting
  4306 | D:7      | Noticed Menkaure
  4311 | D:7      | Killed Menkaure
  4449 | D:7      | Reached ***** piety under Trog
  4499 | D:7      | Reached skill level 11 in Fighting
  4761 | D:7      | Reached XP level 10. HP: 77/96 MP: 9/9
  4796 | D:7      | Found Ysuthil's Weapon Shoppe.
  5248 | D:8      | Received a gift from Trog
  5516 | D:8      | Reached skill level 12 in Fighting
  5529 | D:8      | Found a stormy altar of Qazlal.
  5679 | D:8      | Found a snail-covered altar of Cheibriados.
  5991 | D:9      | Reached skill level 10 in Maces & Flails
  6132 | D:9      | Found a staircase to the Lair.
  6136 | D:9      | Reached skill level 10 in Armour
  6136 | D:9      | Reached skill level 1 in Shields
  6140 | D:9      | Noticed a hill giant
  6167 | D:9      | Killed a hill giant
  6452 | D:9      | Found a blossoming altar of Fedhas.
  6458 | D:9      | Found an opulent altar of Gozag.
  6925 | D:10     | Entered Level 10 of the Dungeon
  6953 | D:10     | Noticed Nergalle
  7007 | D:10     | Noticed a spectral orc warlord
  7014 | D:10     | Killed Nergalle
  7014 | D:10     | Reached skill level 5 in Shields
  7014 | D:10     | Reached XP level 11. HP: 104/104 MP: 10/10
  7095 | D:10     | Noticed Maud
  7108 | D:10     | Killed Maud
  7231 | D:10     | Noticed an unseen horror
  7244 | D:10     | Killed an unseen horror
  7334 | D:10     | Noticed Sargon's ghost (novice TrMo)
  7343 | D:10     | Killed Sargon's ghost
  7563 | D:10     | Noticed an oklob plant
  7636 | D:10     | Killed an oklob plant
  7702 | D:10     | Noticed a hill giant
  7708 | D:10     | Killed a hill giant
  7788 | D:10     | Found Gotiudwomiu's Quality Used Wands.
  8016 | D:11     | Reached skill level 10 in Shields
  8328 | D:11     | Noticed a seven-headed hydra
  8338 | D:11     | Killed a seven-headed hydra
  8338 | D:11     | Reached XP level 12. HP: 112/112 MP: 11/11
  8414 | D:11     | Lost mutation: [You are dopey. (Int -2)] [potion of cure mutation]
  8414 | D:11     | Lost mutation: You are agile. (Dex +2) [potion of cure mutation]
  8414 | D:11     | Lost mutation: You are resistant to electric shocks. [potion of cure mutation]
  8426 | D:11     | Found a snail-covered altar of Cheibriados.
  8580 | D:11     | Identified a scroll of acquirement
  8826 | D:12     | Noticed a seven-headed hydra
  8833 | D:12     | Killed a seven-headed hydra
  8929 | D:12     | Noticed Sonja
  8951 | D:12     | Found a portal to a secret trove of treasure.
  8968 | D:12     | Reached skill level 13 in Maces & Flails
  9492 | D:12     | Found a staircase to the Orcish Mines.
  9655 | D:12     | Cast into the Abyss (Sonja)
  9820 | Abyss:1  | Noticed a tentacled starspawn
  9836 | Abyss:1  | Killed a tentacled starspawn
  9843 | Abyss:1  | Noticed a starcursed mass
  9852 | Abyss:1  | Paralysed by accursed screaming for 1 turns
  9856 | Abyss:1  | Reached skill level 14 in Shields
  9883 | Abyss:1  | Killed a starcursed mass
  9888 | Abyss:1  | Killed a starcursed mass
  9907 | Abyss:1  | Noticed a starcursed mass
  9908 | Abyss:1  | Reached XP level 13. HP: 34/118 MP: 12/12
  9926 | Abyss:1  | Killed a starcursed mass
  9929 | Abyss:1  | HP: 4/118 [starcursed mass/accursed screaming (14)]
  9929 | Abyss:1  | Killed a starcursed mass
  9930 | Abyss:1  | Killed a starcursed mass
  9931 | Abyss:1  | Killed a starcursed mass
  9935 | Abyss:1  | Killed a starcursed mass
  9943 | Abyss:1  | Noticed a starcursed mass
  9967 | Abyss:1  | HP: 6/177 [starcursed mass/accursed screaming (8)]
  9973 | Abyss:1  | HP: 6/177 [starcursed mass (4)]
  9974 | Abyss:1  | Killed a starcursed mass
  9975 | Abyss:1  | Killed a starcursed mass
 10006 | Abyss:1  | Killed a starcursed mass
 10038 | Abyss:1  | Noticed a white draconian
 10046 | Abyss:1  | Noticed a lich
 10053 | Abyss:1  | Killed a white draconian
 10069 | Abyss:1  | Killed a lich
 10069 | Abyss:1  | Reached skill level 15 in Shields
 10105 | Abyss:1  | Noticed a starcursed mass
 10116 | Abyss:1  | Found a corrupted altar of Lugonu.
 10119 | Abyss:1  | Noticed a tentacled starspawn
 10167 | Abyss:1  | Noticed a red very ugly thing
 10225 | Abyss:1  | Noticed a bone dragon
 10241 | Abyss:1  | Noticed a starcursed mass
 10284 | Abyss:1  | Lost intelligence.
 10288 | Abyss:1  | HP: 1/118 [spatial maelstrom (6)]
 10288 | Abyss:1  | Slain by a spatial maelstrom

Action                   |  1- 3 |  4- 6 |  7- 9 | 10-12 | 13-15 || total
-------------------------+-------+-------+-------+-------+-------++-------
Melee: Whip              |    88 |   140 |   364 |  1095 |    66 ||  1753
       Mace              |     3 |       |       |       |       ||     3
       Dire flail        |       |       |       |    53 |       ||    53
Invok: Berserk           |     2 |       |     5 |     8 |     2 ||    17
       Trog's Hand       |       |       |     3 |    20 |    10 ||    33
       Brothers in Arms  |       |       |       |     1 |     2 ||     3
  Use: Scroll            |     6 |     3 |     2 |     3 |     1 ||    15
       Potion            |       |     6 |     2 |     5 |     1 ||    14
  Eat: Chunk             |     1 |     6 |    10 |    20 |       ||    37
       Bread ration      |       |       |     1 |       |       ||     1
       Beef jerky        |       |       |       |     3 |       ||     3
       Pizza             |       |       |       |     3 |     4 ||     7
